 Dungeon Crawl Stone Soup version 0.22.1-1-ga44c0e5 (webtiles) character file.

172 Fang the Chopper (level 5, -4/49 HPs)
             Began as a Gargoyle Berserker on Oct 16, 2018.
             Was a Believer of Trog.
             Slain by a wyvern (11 damage)
             ... on level 3 of the Dungeon.
             The game lasted 00:02:12 (2768 turns).

Fang the Chopper (Gargoyle Berserker)               Turns: 2768, Time: 00:02:13

Health: -4/49      AC:  6    Str: 26    XL:     5   Next: 53%
Magic:  5/5        EV: 12    Int:  8    God:    Trog [**....]
Gold:   113        SH:  0    Dex:  9    Spells: 4/4 levels left

rFire    . . .     SeeInvis .   a - +0 hand axe
rCold    . . .     Gourm    .   (no shield)
rNeg     + . .     Faith    .   b - +0 animal skin
rPois    ∞         Spirit   .   (no helmet)
rElec    +         Reflect  .   (no cloak)
rCorr    .         Harm     .   (no gloves)
MR       .....                  (no boots)
Stlth    ..........             (no amulet)
HPRegen  0.16/turn              (no ring)
MPRegen  0.09/turn              (no ring)

@: berserking, starving, very quick
A: negative energy resistance 1, electricity resistance, unbreathing,
petrification resistance, rot immunity, AC +4
a: Berserk, Trog's Hand, Renounce Religion


You were on level 3 of the Dungeon.
You worshipped Trog.
Trog was pleased with you.
You were starving.

You visited 1 branch of the dungeon, and saw 3 of its levels.

You collected 113 gold pieces.

Inventory:

Hand Weapons
 a - a +0 hand axe (weapon)
Armour
 b - a +0 animal skin (worn)
Jewellery
 q - a +2 ring of dexterity {unknown}
Scrolls
 d - a scroll of teleportation {unknown}
 e - 3 scrolls of remove curse {unknown}
 f - 2 scrolls of fog {unknown}
 g - 2 scrolls of amnesia {unknown}
 i - 2 scrolls of identify {unknown}
 o - 2 scrolls of fear {unknown}
Potions
 h - 2 potions of flight {unknown}
 j - a potion of agility {unknown}
 k - 2 potions of heal wounds {unknown}
 l - a potion of haste {unknown}
 m - 2 potions of invisibility {unknown}
 n - 2 potions of mutation {unknown}
 p - 2 potions of ambrosia {unknown}
Comestibles
 c - 7 rations


   Skills:
 + Level 3.9 Fighting
 + Level 4.3 Axes
 + Level 2.4 Armour
 + Level 2.4 Dodging
 + Level 1.7 Stealth


You had 4 spell levels left.
You didn't know any spells.
Your spell library was empty.

Dungeon Overview and Level Annotations

Branches:
Dungeon (3/15)

Altars:


Innate Abilities, Weirdness & Mutations

You are resistant to torment.
Your stone body is resilient. (AC +4)
You are immune to poison.
You resist negative energy. (rN+)
You are resistant to electric shocks. (rElec)
You can survive without breathing.
You are immune to petrification.
You are immune to rotting.


Message History

The wyvern barely misses you.
You hit the wyvern but do no damage.
The wyvern bites you but does no damage.
The wyvern bites you!
* * * LOW HITPOINT WARNING * * *
You are too injured to fight recklessly!
You are too injured to fight recklessly!
You are too injured to fight recklessly!
You are too injured to fight recklessly!
You are too injured to fight recklessly!
You are too injured to fight recklessly!
You are too injured to fight recklessly!
You are too injured to fight recklessly!
You are too injured to fight recklessly!
You are too injured to fight recklessly!
A red film seems to cover your vision as you go berserk!
You feel yourself moving faster!
You feel mighty!
You are starving!
The wyvern bites you!
You die...

.##............
................ .. ..
.##.##.#.#.#.##.#.##.###
.#............#.........
.##.#..#...#..#.........
.>......................
..........>............
.####......#...#l..#.##. .#
#...#.......@....... .#
#..........#...#..#. .#
##...#..#...#...#..
.###..............♣♣.♣
.#..............♣♣♣♣.♣♣♣
.#.#....#.......♣♣PP.PP♣♣
...............♣♣PP...PP♣ .
............÷..♣♣P...(.P♣♣..
....................⌠......


You could see a wyvern.

Vanquished Creatures
  A hound (D:3)
  Terence (D:2)
  6 adders
  3 worms (D:2)
  A dart slug (D:2)
  A leopard gecko (D:1)
  9 bats
  2 giant cockroaches
  6 goblins
  5 hobgoblins
  2 quokkas (D:2)
  3 frilled lizards
  11 kobolds
  9 rats
60 creatures vanquished.

Notes
Turn   | Place    | Note
-------+----------+-------------------------------------------
     0 | D:1      | Fang the Gargoyle Berserker began the quest for the Orb.
     0 | D:1      | Reached XP level 1. HP: 14/14 MP: 1/1
   134 | D:1      | Reached XP level 2. HP: 19/19 MP: 2/2
   172 | D:1      | Reached skill level 3 in Axes
   579 | D:1      | Reached XP level 3. HP: 21/23 MP: 3/3
   594 | D:1      | Reached skill level 1 in Stealth
   603 | D:1      | Reached ** piety under Trog
  1452 | D:2      | Noticed Terence
  1465 | D:2      | Killed Terence
  1465 | D:2      | Reached XP level 4. HP: 28/28 MP: 4/4
  2060 | D:2      | Reached skill level 4 in Axes
  2113 | D:2      | Reached XP level 5. HP: 30/33 MP: 5/5
  2761 | D:3      | Noticed a wyvern
  2768 | D:3      | Slain by a wyvern

Skill      XL: |  1  2  3  4 |
---------------+-------------+-----
Axes           | 3 4 |  4.3
Stealth        | 1 |  1.7
Dodging        | 2 |  2.4
Fighting       | |  3.9
Armour         | |  2.4

Action                   |  1- 3 |  4- 6 || total
-------------------------+-------+-------++-------
Melee: Hand axe          |   129 |   102 ||   231
Invok: Berserk           |     1 |     1 ||     2
 Stab: Sleeping          |     1 |     1 ||     2
  Eat: Chunk             |     2 |     4 ||     6
Armor: Animal skin       |    41 |    36 ||    77
Dodge: Dodged            |    90 |    76 ||   166
